 Dungeon Crawl Stone Soup version 0.21.1-1-g345015f (webtiles) character file.

2074 diana the Fighter (level 9, -1/81 HPs)
             Began as a Minotaur Fighter on June 8, 2018.
             Slain by a two-headed ogre
             ... wielding a +0 dire flail
              (18 damage)
             ... on level 8 of the Dungeon.
             The game lasted 00:06:29 (5460 turns).

diana the Fighter (Minotaur Fighter)                Turns: 5460, Time: 00:06:30

Health: -1/81      AC:  9    Str: 23    XL:     9   Next: 6%
Magic:  2/2        EV:  9    Int:  5    God:
Gold:   336        SH: 11    Dex: 11    Spells: 8/8 levels left

rFire    . . .     SeeInvis .   q - +0 hand axe (antimagic)
rCold    . . .     Gourm    .   c - +0 shield
rNeg     . . .     Faith    .   k - +0 swamp dragon scales
rPois    +         Spirit   .   (helmet restricted)
rElec    .         Reflect  .   (no cloak)
rCorr    .         Harm     .   (no gloves)
MR       .....                  (no boots)
Stlth    +.........             (no amulet)
HPRegen  0.23/turn              (no ring)
MPRegen  0.08/turn              (no ring)

@: no status effects
A: retaliatory headbutt, horns 2
a: no special abilities


You were on level 8 of the Dungeon.
You were not hungry.

You visited 2 branches of the dungeon, and saw 9 of its levels.

You collected 336 gold pieces.

Inventory:

Hand Weapons
 a - a +0 war axe
 q - a +0 antimagic hand axe (weapon)
Armour
 b - a +0 scale mail
 c - a +0 shield (worn)
 k - +0 swamp dragon scales (worn)
Jewellery
 x - a cursed ring of loudness {unknown}
Wands
 z - a wand of enslavement (17)
 D - a wand of flame (26)
 E - a wand of polymorph (15)
Scrolls
 d - 2 scrolls of teleportation {unknown}
 h - 3 scrolls of magic mapping {unknown}
 i - a scroll of enchant armour {unknown}
 j - 5 scrolls of identify {unknown}
 m - 2 scrolls of fog {unknown}
 n - 7 scrolls of remove curse {unknown}
 r - 2 scrolls of random uselessness {unknown}
 s - 2 scrolls of immolation {unknown}
 t - a scroll of enchant weapon {unknown}
 u - 2 scrolls of amnesia {unknown}
 A - a scroll of blinking {unknown}
 B - 3 scrolls of noise {unknown}
Potions
 e - a potion of brilliance {unknown}
 g - 4 potions of curing {unknown}
 l - 3 potions of degeneration {unknown}
 o - 3 potions of agility {unknown}
 w - a potion of ambrosia {unknown}
 C - a potion of might
Books
 p - a book of Necromancy

   Spells                             Type                      Level
   a - Pain                           Necromancy                   1
   b - Animate Skeleton               Necromancy                   1
   c - Vampiric Draining              Necromancy                   3
   d - Regeneration                   Charms/Necromancy            3
   e - Animate Dead                   Necromancy                   4
   f - Borgnjor's Vile Clutch         Necromancy/Earth             5
 v - a book of Changes

   Spells                             Type                      Level
   a - Beastly Appendage              Transmutation                1
   b - Sticks to Snakes               Transmutation                2
   c - Spider Form                    Transmutation/Poison         3
   d - Ice Form                       Ice/Transmutation            4
   e - Blade Hands                    Transmutation                5
 y - a book of Battle

   Spells                             Type                      Level
   a - Infusion                       Charms                       1
   b - Shroud of Golubria             Charms/Translocation         2
   c - Song of Slaying                Charms                       2
   d - Spectral Weapon                Hexes/Charms                 3
   e - Regeneration                   Charms/Necromancy            3
Comestibles
 f - 12 rations


   Skills:
 + Level 8.1 Fighting
 + Level 7.5 Axes
 + Level 8.0 Armour
 + Level 8.0 Shields


You had 8 spell levels left.
You didn't know any spells.

Dungeon Overview and Level Annotations

Branches:
Dungeon (8/15)             Temple (1/1) D:4
   Lair: D:8-11

Altars:
Cheibriados
Dithmenos
Elyvilon
Fedhas
Hepliaklqana
Kikubaaqudgha
Nemelex Xobeh
Okawaru
Qazlal
Ru
Trog
Uskayaw
Yredelemnul
Zin
The Shining One
Lugonu

Annotations:
D:3 2 transporters
D:7 diana's ghost, novice MiFi


Innate Abilities, Weirdness & Mutations

You reflexively headbutt those who attack you in melee.
You have a pair of horns on your head.


Message History

The two-headed ogre is heavily wounded.
The two-headed ogre hits you with a dire flail!
The two-headed ogre hits you with a giant spiked club!
You are too injured to fight recklessly!
You slash the two-headed ogre! You headbutt the two-headed ogre.
The two-headed ogre is severely wounded.
The two-headed ogre hits you with a dire flail!
* * * LOW HITPOINT WARNING * * *
You block the two-headed ogre's attack.
You hit the two-headed ogre.
The two-headed ogre is almost dead.
You block the two-headed ogre's attack. x2
You completely miss the two-headed ogre.
The two-headed ogre is almost dead.
You block the two-headed ogre's attack.
The two-headed ogre completely misses you.
You hit the two-headed ogre but do no damage.
The two-headed ogre is almost dead.
The two-headed ogre hits you with a dire flail!!
You die...

. .......... . #. ..
........ ..
#.#.##.#.##..#...... ...
#.#. #.#.##....#...##..
....##............... .
#............#.#...###..#
... ......#..#.#.........
#.####.#..#....#O..###..#
.............#.#@..###.
#.†.....................
...<...............###.#
#....................#
.......................
.......................#
#..##..#.##..#.#######.#
................. ..
.......#.#.......


You could see a two-headed ogre.

Vanquished Creatures
  A hippogriff (D:8)
  A spriggan (D:7)
  A wyvern (D:8)
  Edmund (D:4)
  A black bear (D:7)
  2 ogres (D:6)
  A centaur (D:5)
  A crocodile (D:8)
  2 bullfrogs
  A gnoll sergeant (D:7)
  An oklob sapling (D:4)
  A quasit (D:8)
  5 hounds
  2 jellies
  An orc priest (D:7)
  3 orc wizards
  2 bullfrog skeletons
  An iguana (D:8)
  5 worker ants
  A hound zombie (D:5)
  9 gnolls
  A howler monkey skeleton (D:4)
  7 adders
  A shadow imp (D:6)
  An ooze (D:5)
  2 adder skeletons
  4 worms
  2 dart slugs
  2 leopard geckos
  24 orcs
  4 giant cockroaches
  6 hobgoblins
  5 jackals
  6 quokkas
  A ball python (D:2)
  5 bats
  6 frilled lizards
  6 goblins
  3 kobolds
  7 rats
  A plant (D:4)
137 creatures vanquished.

Vanquished Creatures (others)
  A plant (D:8)
1 creature vanquished.

Grand Total: 138 creatures vanquished

Notes
Turn   | Place    | Note
-------+----------+-------------------------------------------
     0 | D:1      | diana the Minotaur Fighter began the quest for the Orb.
     0 | D:1      | Reached XP level 1. HP: 19/19 MP: 0/0
   401 | D:1      | Reached XP level 2. HP: 27/27 MP: 1/1
   709 | D:2      | Reached XP level 3. HP: 29/33 MP: 2/2
   804 | D:2      | Reached XP level 4. HP: 32/41 MP: 3/3
   898 | D:2      | Found an ancient bone altar of Kikubaaqudgha.
  1302 | D:2      | Found a hide-covered altar of Uskayaw.
  1302 | D:2      | Found a stormy altar of Qazlal.
  1576 | D:3      | Reached XP level 5. HP: 33/47 MP: 4/4
  1594 | D:3      | Found a transporter.
  1618 | D:3      | Reached skill level 5 in Fighting
  1621 | D:3      | Reached skill level 5 in Armour
  1897 | D:3      | Found a hazy altar of Hepliaklqana.
  1944 | D:3      | Found a transporter.
  2062 | D:3      | Found a glowing silver altar of Zin.
  2171 | D:4      | Reached skill level 5 in Shields
  2209 | D:4      | Noticed Edmund
  2233 | D:4      | Reached XP level 6. HP: 21/56 MP: 1/5
  2544 | D:4      | Killed Edmund
  2548 | D:4      | Found a staircase to the Ecumenical Temple.
  2567 | Temple   | Entered the Ecumenical Temple
  2766 | D:4      | Found a shadowy altar of Dithmenos.
  3100 | D:5      | Entered Level 5 of the Dungeon
  3117 | D:5      | Found a sacrificial altar of Ru.
  3193 | D:5      | Reached XP level 7. HP: 62/62 MP: 2/6
  3232 | D:5      | Reached skill level 5 in Axes
  3555 | D:5      | Found a bloodstained altar of Trog.
  4306 | D:6      | Reached XP level 8. HP: 60/71 MP: 2/7
  4860 | D:7      | Noticed diana's ghost (novice MiFi)
  5178 | D:8      | Noticed a hippogriff
  5196 | D:8      | Killed a hippogriff
  5215 | D:8      | Reached XP level 9. HP: 8/81 MP: 2/8
  5446 | D:8      | Noticed a two-headed ogre
  5460 | D:8      | Slain by a two-headed ogre

Skill      XL: |  1  2  3  4  5  6  7  8  9 |
---------------+----------------------------+-----
Fighting       | 4 5 6 8 |  8.1
Armour         | 4 5 6 8 |  8.0
Shields        | 4 5 6 7 8 |  8.0
Axes           | 3 4 6 7 |  7.5

Action                   |  1- 3 |  4- 6 |  7- 9 || total
-------------------------+-------+-------+-------++-------
Melee: War axe           |    51 |    54 |       ||   105
       Headbutt          |     8 |    40 |    45 ||    93
       Hand axe          |       |   143 |   195 ||   338
  Use: Potion            |       |     1 |       ||     1
 Stab: Paralysed         |       |     1 |       ||     1
  Eat: Chunk             |       |     4 |     5 ||     9
       Ration            |       |     1 |     1 ||     2
Armor: Scale mail        |    10 |       |       ||    10
       Swamp dragon scal |    17 |    79 |    71 ||   167
Dodge: Dodged            |     8 |    66 |    74 ||   148
Block: Shield            |    22 |   114 |   111 ||   247
